 Dungeon Crawl Stone Soup version 0.27.0 (webtiles) character file.

Game seed: 5585273138741689967

2723 shadowrider38 the Cleaver (level 9, 0/106 HPs)
             Began as a Minotaur Berserker on July 30, 2021.
             Was an Elder of Trog.
             Succumbed to a centaur's poison
             ... on level 7 of the Dungeon.
             The game lasted 00:14:21 (7041 turns).

shadowrider38 the Cleaver (Minotaur Berserker)      Turns: 7041, Time: 00:14:21

Health: 0/106      AC: 11    Str: 24    XL:     9   Next: 40%
Magic:  8/8        EV:  6    Int:  4    God:    Trog [****..]
Gold:   239        SH:  3    Dex: 11    Spells: 8/8 levels left

rFire    . . .     SeeInvis .   a - +0 hand axe
rCold    . . .     Faith    .   u - +0 buckler
rNeg     . . .     Spirit   .   o - +0 plate armour
rPois    .         Reflect  .   (helmet restricted)
rElec    .         Harm     .   (no cloak)
rCorr    .         Rampage  .   (no gloves)
Will     ++...                  (no boots)
Stlth    ..........             (no amulet)
HPRegen  1.27/turn              (no ring)
MPRegen  0.11/turn              (no ring)

@: berserking (expiring), lethally poisoned (0 -> -5), strong-willed,
regenerating, very quick
A: horns 2, retaliatory headbutt
a: Renounce Religion, Berserk, Trog's Hand, Brothers in Arms


You were on level 7 of the Dungeon.
You worshipped Trog.
Trog was greatly pleased with you.
You visited 1 branch of the dungeon, and saw 7 of its levels.

You collected 239 gold pieces.

Inventory:

Hand Weapons
 a - a +0 hand axe (weapon)
 p - a +2 scythe of protection
 t - a +2 spear of pain
 y - a +0 shortbow of flaming
 A - a +4 whip of electrocution
Missiles
 w - 2 throwing nets (quivered)
 z - 45 arrows
Armour
 k - a +1 ring mail of fire resistance
 o - a +0 plate armour (worn)
 u - a +0 buckler (worn)
 x - +0 steam dragon scales
Wands
 e - a wand of iceblast (10)
Scrolls
 d - 2 scrolls of summoning
 g - 2 scrolls of immolation {unknown}
 h - 3 scrolls of noise {unknown}
 j - a scroll of enchant weapon {unknown}
 m - 3 scrolls of enchant armour {unknown}
 n - 2 scrolls of blinking {unknown}
 q - a scroll of fear {unknown}
 s - 4 scrolls of identify
Potions
 b - a potion of curing {unknown}
 c - a potion of lignification
 f - a potion of invisibility
 i - 2 potions of mutation
 l - a potion of flight {unknown}
 r - a potion of attraction
 v - a potion of might {unknown}


   Skills:
 - Level 4.0 Fighting
 * Level 14.7 Axes
 - Level 2.6 Armour
 - Level 2.3 Dodging
 - Level 1.5 Shields


You had 8 spell levels left.
You didn't know any spells.
Your spell library was empty.

Dungeon Overview and Level Annotations

Branches:
Dungeon (7/15)             Temple (0/1) D:4

Altars:
Elyvilon
Fedhas
Qazlal
Uskayaw
Vehumet
Yredelemnul

Shops:
D:6 (


Innate Abilities, Weirdness & Mutations

You have a pair of horns on your head.
You reflexively headbutt those who attack you in melee.


Message History

The centaur hits you with a +4 whip of venom.
* * * LOW HITPOINT WARNING * * *
The centaur kicks you but does no damage.
A red film seems to cover your vision as you go berserk!
You feel yourself moving faster!
You feel mighty!
* * * LOW HITPOINT WARNING * * *
You feel very sick. The centaur barely misses you.
The centaur kicks you but does no damage.
The centaur hits you but does no damage.
You are lethally poisoned!
The centaur barely misses you.
You closely miss the centaur.
The centaur is severely wounded.
You hit the bullfrog.
* * * LOW HITPOINT WARNING * * *
You feel very sick.
The bullfrog barely misses the centaur.
You slash the centaur!
You kill the centaur!
Trog accepts your kill.
You completely miss the shadow imp. You slash the bullfrog!
You kill the bullfrog!
Trog accepts your kill.
* * * LOW HITPOINT WARNING * * *
You feel sick.
A white imp comes into view.
The white imp shouts!
You slash the shadow imp!
You kill the shadow imp!
Trog accepts your kill.
* * * LOW HITPOINT WARNING * * *
You feel very sick.
You are too berserk!
* * * LOW HITPOINT WARNING * * *
You feel very sick.
You feel a strong urge to attack something.
* * * LOW HITPOINT WARNING * * *
You feel very sick.
You die...

≈≈ .≈≈.# .... . #≈≈
≈..# .<. . #... #...
... .#.# #...##..#
##.###.#.# #...5...#
..)......
#.......####.....#
..........)......# #
##..##..####..#..#.#
......)...@...#..#.#
##......#..........#
##.###.#.###.#..#.#
#. #.#.# #.#..#.# #
# #.#.# #.#..#.# #
#.#.###......##
#####
#.#.##.....#..... ..
###.###.#>.#.##.# #
##.###.#>.#.##.# #


There were no monsters in sight!

Vanquished Creatures
  An unseen horror (D:7)
  Sigmund (D:3)
  A steam dragon (D:5)
  3 sky beasts (D:6)
  An ice beast (D:6)
  3 black bears
  3 centaurs
  2 phantoms
  A wyvern zombie (D:6)
  A bullfrog (D:7)
  3 gnoll sergeants
  A scorpion (D:6)
  A water moccasin skeleton (D:5)
  A howler monkey (D:5)
  A bullfrog zombie (D:6)
  A centaur skeleton (D:5)
  4 orc priests
  A hound (D:4)
  2 iguanas
  3 orc wizards
  A hound skeleton (D:5)
  Robin (D:3)
  A howler monkey zombie (D:7)
  18 gnolls
  10 adders
  A shadow imp (D:7)
  A white imp (D:5)
  A worm (D:3)
  6 dart slugs
  10 orcs
  6 ball pythons
  3 bats
  6 endoplasms
  4 giant cockroaches
  16 goblins
  14 hobgoblins
  6 jackals
  3 kobolds
  2 quokkas
  3 frilled lizards
  4 rats
152 creatures vanquished.

Vanquished Creatures (others)
  A gnoll shaman (D:7)
  An iguana (D:7)
  4 gnolls (D:7)
  2 plants (D:5)
8 creatures vanquished.

Grand Total: 160 creatures vanquished

Notes
Turn   | Place    | Note
-------+----------+-------------------------------------------
     0 | D:1      | shadowrider38 the Minotaur Berserker began the quest for
                  | the Orb.
     0 | D:1      | Reached XP level 1. HP: 19/19 MP: 0/0
   149 | D:1      | Reached skill level 4 in Axes
   149 | D:1      | Reached XP level 2. HP: 25/27 MP: 1/1
   484 | D:1      | Reached XP level 3. HP: 29/33 MP: 2/2
  1159 | D:2      | Reached ** piety under Trog
  1160 | D:2      | Reached skill level 5 in Axes
  1174 | D:2      | Reached XP level 4. HP: 28/40 MP: 3/3
  1437 | D:2      | Found a faded altar of an unknown god.
  1916 | D:3      | Reached skill level 6 in Axes
  2115 | D:3      | Noticed Sigmund
  2128 | D:3      | Killed Sigmund
  2129 | D:3      | Reached skill level 8 in Axes
  2129 | D:3      | Reached XP level 5. HP: 46/46 MP: 4/4
  2129 | D:3      | Reached XP level 6. HP: 52/52 MP: 5/5
  2583 | D:3      | Noticed Robin
  2609 | D:3      | Killed Robin
  2831 | D:4      | Reached *** piety under Trog
  2837 | D:4      | Reached skill level 9 in Axes
  3069 | D:4      | Reached XP level 7. HP: 16/59 MP: 6/6
  3082 | D:4      | Reached skill level 10 in Axes
  3082 | D:4      | HP: 4/88 [orc priest (5)]
  3470 | D:4      | Found a staircase to the Ecumenical Temple.
  3561 | D:4      | Found a white marble altar of Elyvilon.
  3728 | D:5      | Entered Level 5 of the Dungeon
  3835 | D:5      | Noticed a steam dragon
  3846 | D:5      | Killed a steam dragon
  3847 | D:5      | Reached skill level 11 in Axes
  3894 | D:5      | Reached XP level 8. HP: 54/66 MP: 7/7
  4322 | D:5      | Found a blossoming altar of Fedhas.
  4322 | D:5      | Found a radiant altar of Vehumet.
  4322 | D:5      | Found a stormy altar of Qazlal.
  4622 | D:5      | Reached skill level 12 in Axes
  4787 | D:5      | Reached **** piety under Trog
  4788 | D:5      | Reached skill level 1 in Shields
  5357 | D:6      | Reached skill level 13 in Axes
  5607 | D:6      | Found a hide-covered altar of Uskayaw.
  5913 | D:6      | Found a basalt altar of Yredelemnul.
  5956 | D:6      | Reached XP level 9. HP: 57/71 MP: 8/8
  6525 | D:6      | Found Loicriept's Weapon Boutique.
  6726 | D:7      | Reached skill level 14 in Axes
  6757 | D:7      | Killed an unseen horror
  7039 | D:7      | HP: 4/106 [poisoned by a centaur]
  7041 | D:7      | Succumbed to a centaur's poison

Illustrated notes

Levels and vault maps discovered:
D:1:      minmay_arrival_up_and_down, layout_basic, minmay_heptomino_d4
D:2:      layout_loops_ring, ebering_ecumenical_altar_mist, chequers_avenue,
          chequers_decorated_corner, hangedman_abyss_or_decor_lesser_grid
D:3:      layout_loops_cross, minmay_misc_feat_more_columns, uniq_robin,
          uniq_sigmund
D:4:      layout_rooms, kennysheep_mini_moat, temple_doors_ab
D:5:      layout_gridville, gammafunk_temple_overflow_forgotten
D:6:      layout_loops_ring, mainiacjoe_overflow_chevrons,
          mainiacjoe_overflow_cross_hatched, serial_shops, shop,
          serial_park_tiny_2
D:7:      layout_basic, xom_confusion_cloud, gammafunk_temple_overflow_claw,
          uniq_crazy_yiuf_cottage

Skill      XL: |  1  2  3  4  5  6  7  8  9 |
---------------+----------------------------+-----
Fighting       | 4 |  4.0
Axes           | 4 5 8 9 11 13 14 | 14.7
Shields        | 1 |  1.5
Armour         | |  2.6
Dodging        | |  2.3

Action                   |  1- 3 |  4- 6 |  7- 9 || total
-------------------------+-------+-------+-------++-------
Melee: Hand axe          |    63 |   141 |   266 ||   470
       Headbutt          |    12 |    24 |    66 ||   102
Invok: Berserk           |       |     1 |     3 ||     4
       Trog's Hand       |       |       |     2 ||     2
  Use: Scroll            |       |     5 |       ||     5
Armor: Animal skin       |     8 |       |       ||     8
       Ring mail         |     7 |     7 |       ||    14
       Plate armour      |       |    62 |   137 ||   199
Dodge: Dodged            |    36 |    47 |    68 ||   151
Block: Buckler           |       |       |    23 ||    23
